 Dungeon Crawl Stone Soup version 0.31-a0-408-gb642c7f9a3 (webtiles) character file.

Game seed: 15637304198018232555

268 horus123 the Digger (level 6, -3/32 HPs)
             Began as a Gargoyle Earth Elementalist on July 30, 2023.
             Slain by Menkaure (16 damage)
             ... on level 3 of the Dungeon.
             The game lasted 00:06:16 (3590 turns).

horus123 the Digger (Gargoyle Earth Elementalist)   Turns: 3590, Time: 00:06:17

Health: -3/32      AC: 12    Str: 11    XL:     6   Next: 21%
Magic:  9/12       EV:  8    Int: 18    God:
Gold:   131        SH:  0    Dex: 10    Spells: 9/13 levels left

rFire   . . .        l - +0 morningstar (protect)
rCold   . . .        (no shield)
rNeg    + . .        a - +0 robe
rPois   ∞            f - +0 helmet
rElec   +            t - +0 cloak
rCorr   .            (no gloves)
SInv    .            (no boots)
Will    .....        (no amulet)
Stlth   ++           i - +4 ring of protection
HPRegen 0.25/turn    (no ring)
MPRegen 0.13/turn

%: no passive effects
@: mighty, constricted
A: sickness immunity, AC +4, negative energy resistance 1, electricity
resistance, torment resistance 1, petrification resistance
a: no special abilities


You were on level 3 of the Dungeon.
You visited 1 branch of the dungeon, and saw 3 of its levels.

You collected 131 gold pieces.

Inventory:

Hand Weapons
 h - a +2 vampiric dagger
 l - a +0 morningstar of protection (weapon)
Missiles
 e - a throwing net
Armour
 a - a +0 robe (worn)
 f - a +0 helmet (worn)
 j - a +1 chain mail of cold resistance
 t - a +0 cloak (worn)
Jewellery
 i - a +4 ring of protection (left hand)
Scrolls
 b - a scroll of enchant weapon {unknown}
 d - a scroll of poison {unknown}
 k - a scroll of noise {unknown}
 m - 3 scrolls of blinking {unknown}
 p - a scroll of amnesia {unknown}
 q - 2 scrolls of identify {unknown}
Potions
 c - 3 potions of might
 g - a potion of curing {unknown}
 n - a potion of heal wounds {unknown}
 o - 2 potions of brilliance {unknown}
 r - a potion of haste {unknown}
 s - a potion of lignification {unknown}
 u - a potion of mutation {unknown}


   Skills:
 - Level 1.5 Dodging
 - Level 2.1 Stealth
 - Level 4.0 Spellcasting
 + Level 1.0 Conjurations
 - Level 0.7 Transmutations
 - Level 6.5 Earth Magic


You had 9 spell levels left.
You knew the following spells:

 Your Spells              Type           Power      Damage    Failure   Level
a - Sandblast             Erth           54%        2d13      1%          1
b - Stone Arrow           Conj/Erth      34%        3d9       10%         3

Your spell library contained the following spells:

 Spells                   Type           Power      Damage    Failure   Level
 Passwall                 Tmut/Erth      13%        N/A       4%          2
 Petrify                  Tmut/Erth      16%        N/A       32%         4
 Tukima's Dance           Hex            3%         N/A       41%         3
 Passage of Golubria      Tloc           3%         N/A       82%         4
 Yara's Violent Unravell  Hex/Tmut       2%         3d3       98%         5


Dungeon Overview and Level Annotations

Branches:
Dungeon (3/15)

Altars:
Kikubaaqudgha
Yredelemnul

Annotations:
D:3 1 transporter, Menkaure


Innate Abilities, Weirdness & Mutations

You are immune to sickness and miasma.
Your stone body is resilient. (AC +4)
You are immune to poison.
You resist negative energy. (rN+)
You are resistant to electric shocks. (rElec)
You are resistant to unholy torment.
You are immune to petrification.


Message History

There is a transporter here.
You enter the transporter and appear at another place.
Menkaure mumbles some strange words.
Menkaure seems to speed up.
Aiming: Sandblast (safe; 1% risk of failure)
Press: ? - help, Q - select action, (/) - cycle Shift-Dir - straight line, f - adder skeleton
Aim: an adder skeleton (87% to hit)
The blast of sand hits the adder skeleton!
You destroy the adder skeleton!
Menkaure sighs a few words.
Aiming: Sandblast (safe; 1% risk of failure)
Press: ? - help, Q - select action, (/) - cycle Shift-Dir - straight line, f - Menkaure
Aim: Menkaure (fast, 92% to hit)
The blast of sand hits the adder zombie!
The adder zombie is almost destroyed.
Aiming: Sandblast (safe; 1% risk of failure)
Press: ? - help, Q - select action, (/) - cycle Shift-Dir - straight line, f/p - Menkaure
Aim: Menkaure (fast, 92% to hit)
The blast of sand hits the adder zombie!
You destroy the adder zombie!
The ball python zombie bites you but does no damage.
The ball python zombie misses you. Menkaure hits you but does no damage.
Your Conjurations skill increases to level 1!
Aiming: Sandblast (safe; 1% risk of failure)
Press: ? - help, Q - select action, (/) - cycle Shift-Dir - straight line, f/p - Menkaure
Aim: Menkaure (fast, 92% to hit)
The blast of sand hits Menkaure!
Menkaure is moderately damaged.
Menkaure closely misses you.
The ball python zombie bites you but does no damage.
The ball python zombie grabs you. The ball python zombie constricts you.
Menkaure hits you!!
Ouch! That really hurt!
The ball python zombie completely misses you.
The ball python zombie constricts you.
It was a potion of might.
You feel very mighty all of a sudden. Menkaure hits you!
Ouch! That really hurt!
You die...

#.#............#..#'#####.#.....#
#.........................#.....#
#..P♣PP.....#############.......#
..P♣♣♣.♣P...#...........#...(....
...♣♣P......#$..........#..#.###.
.♣♣♣P.P#.#..#$.###.###..#........
.♣♣PP.##.#..#_.#8#.#8#..#....###.
.♣♣..###....#)...Z......#....# #.
..PP## #...©#⌠..@M©.....#©...# #.
....# #.#..#!.........?#....# #.
.PP## #.#..#_.#8#.#8#..#....# #.
#### #.#..#$.###.###..#....###.
#....#).........!#........
###..#©..........#....###.
#..#############........
##..................##..
###########.####...##..


You could see Menkaure (fast) and a ball python zombie.

Vanquished Creatures
  Sigmund (D:3)
  3 adders
  A shadow imp (D:3)
  A white imp (D:3)
  An adder skeleton (D:3)
  An adder zombie (D:3)
  A dart slug (D:2)
  An orc (D:3)
  7 ball pythons
  6 endoplasms
  3 giant cockroaches
  4 goblins
  7 hobgoblins
  7 jackals
  3 kobolds
  2 quokkas (D:2)
  7 bats
  6 rats
62 creatures vanquished.

Notes
Turn   | Place    | Note
-------+----------+-------------------------------------------
     0 | D:1      | horus123 the Gargoyle Earth Elementalist began the quest
                  | for the Orb.
     0 | D:1      | Reached XP level 1. HP: 10/10 MP: 3/3
   317 | D:1      | Reached XP level 2. HP: 13/15 MP: 0/5
   691 | D:1      | Reached XP level 3. HP: 18/19 MP: 2/7
  1451 | D:2      | Reached XP level 4. HP: 24/24 MP: 7/9
  2469 | D:3      | Reached skill level 4 in Earth Magic
  2619 | D:3      | Noticed Sigmund
  2622 | D:3      | Found an ancient bone altar of Kikubaaqudgha.
  2635 | D:3      | Killed Sigmund
  2636 | D:3      | Reached skill level 6 in Earth Magic
  2636 | D:3      | Reached XP level 5. HP: 27/28 MP: 11/11
  2636 | D:3      | Reached XP level 6. HP: 31/32 MP: 12/12
  2642 | D:3      | Learned a level 3 spell: Stone Arrow
  2803 | D:3      | Noticed Menkaure
  2815 | D:3      | Found a basalt altar of Yredelemnul.
  2817 | D:3      | Found the +10 zealot's sword {holy, Zealotry, *Rage rN+
                  | EV+3}
  2818 | D:3      | Found a transporter.
  2836 | D:3      | Found a transporter.
  3589 | D:3      | Reached skill level 1 in Conjurations
  3590 | D:3      | Slain by Menkaure

Illustrated notes

Levels and vault maps discovered:
D:1:      dpeg_arrival_solitude, layout_basic
D:2:      minmay_general_purpose_star, layout_basic, serial_rivers,
          chequers_serial_rivers_room_b, chequers_serial_rivers_large_a,
          chequers_serial_rivers_micro_b, chequers_serial_rivers_small_3
D:3:      layout_basic, gammafunk_temple_of_torment, serial_forest,
          infiniplex_forest_clump_diagonal, infiniplex_forest_end_1,
          infiniplex_forest_straight_4, infiniplex_forest_clump_small,
          infiniplex_forest_lined_3, infiniplex_forest_clump_curved,
          uniq_crazy_yiuf_cottage, uniq_sigmund

Skill      XL: |  1  2  3  4  5  6 |
---------------+-------------------+-----
Spellcasting   | 3 4 |  4.0
Earth Magic    | 6 |  6.5
Conjurations   | 1 |  1.0
Dodging        | |  1.5
Stealth        | |  2.1
Transmutations | |  0.7

Action                     |  1- 3 |  4- 6 || total
---------------------------+-------+-------++-------
  Melee: Unarmed           |     7 |       ||     7
         Morningstar       |       |     6 ||     6
   Cast: Sandblast         |    60 |    46 ||   106
    Use: Potion            |       |     2 ||     2
 Armour: Robe              |    13 |    18 ||    31
  Dodge: Dodged            |    23 |    25 ||    48

Table legend: (Time is in decaauts)
 A = Elapsed time spent in this place.
 B = Non-inter-level travel time spent in this place.
 C = Inter-level travel time spent in this place.
 D = Time resting spent in this place.
 E = Time spent auto-exploring this place.
 F = Levels seen in this place.
 G = Mean time per level.
                   A        B        C        D        E       F      G
               +--------+--------+--------+--------+--------+-----+--------+
         Total |   3659 |   3602 |     57 |    154 |   2876 |   3 | 1219.7 |
       Dungeon |   3659 |   3602 |     57 |    154 |   2876 |   3 | 1219.7 |
               +--------+--------+--------+--------+--------+-----+--------+

Top non-repeatable levels by time:
     D:3: 1341 daAuts
     D:1: 1166 daAuts
     D:2: 1150 daAuts
